 Dungeon Crawl Stone Soup version 0.30-a0-743-gbfdf073431 (webtiles) character file.

Game seed: 17652104030000840553

28894 Ijustatesigmund the Fighter (level 13, -22/82 HPs)
             Began as a Gargoyle Earth Elementalist on Feb 8, 2023.
             Was an Elder of Vehumet.
             Annihilated by a minotaur
             ... wielding the +10 great sword of Tuzagog {venom, Will+}
              (33 damage)
             ... on level 1 of the Lair of Beasts.
             The game lasted 00:56:00 (21826 turns).

Ijustatesigmund the Fighter (GrEE)                 Turns: 21826, Time: 00:56:00

Health: -22/82     AC: 25    Str: 12    XL:     13   Next: 41%
Magic:  35/35      EV: 12    Int: 21    God:    Vehumet [****..]
Gold:   670        SH:  0    Dex: 10    Spells: 17/30 levels left

rFire   . . .      SeeInvis +    b - +2 flail (protect)
rCold   . . .      Faith    .    (no shield)
rNeg    + . .      Spirit   .    a - +0 troll leather armour
rPois   ∞          Reflect  .    w - +2 helmet {SInv}
rElec   +          Harm     .    o - +1 cloak
rCorr   .          Rampage  .    k - +1 pair of gloves
Will    .....                    G - +1 pair of boots
Stlth   ++                       I - amulet of the acrobat
HPRegen 1.13/turn                x - ring of magical power
MPRegen 0.24/turn                m - +4 ring of slaying

@: about to teleport, on berserk cooldown, slowed, very slow
A: sickness immunity, AC +9, negative energy resistance 1, electricity
resistance, torment resistance 1, petrification resistance
a: Renounce Religion


You were on level 1 of the Lair of Beasts.
You worshipped Vehumet.
Vehumet was greatly pleased with you.
You visited 3 branches of the dungeon, and saw 16 of its levels.
You also visited: Gauntlet.

You collected 798 gold pieces.
You spent 128 gold pieces at shops.

Inventory:

Hand Weapons
 b - a +2 flail of protection (weapon)
 d - a +0 morningstar of flaming
Missiles
 c - 2 throwing nets
 B - a curare-tipped dart (quivered)
Armour
 a - a +0 troll leather armour (worn)
 j - a +2 robe of positive energy
 k - a +1 pair of gloves (worn)
 o - a +1 cloak (worn)
 w - a +2 helmet of see invisible (worn)
 G - a +1 pair of boots (worn)
Magical Staves
 L - a staff of earth
 O - a staff of fire
Jewellery
 l - the ring of the Real Monster {Drain rElec rC+ SInv}
   (You found it in a Gauntlet)

   [ring of see invisible]

   rC:        It protects you from cold.
   rElec:     It insulates you from electricity.
   SInv:      It lets you see invisible.
   Drain:     It drains your maximum health when unequipped.
 m - a +4 ring of slaying (right hand)
 t - a +5 ring of evasion
 x - a ring of magical power (left hand)
 I - an amulet of the acrobat (around neck)
Wands
 h - a wand of acid (4)
 p - a wand of iceblast (6)
 v - a wand of flame (22)
 C - a wand of polymorph (4)
 N - a wand of mindburst (6)
Scrolls
 r - a scroll of poison
 y - a scroll of magic mapping
 J - a scroll of enchant armour
 K - a scroll of identify
Potions
 f - 2 potions of might
 g - 3 potions of lignification
 i - 2 potions of magic
 n - 4 potions of curing
 q - a potion of flight
 s - 4 potions of brilliance
 u - a potion of ambrosia
 E - a potion of cancellation
 H - 2 potions of attraction


   Skills:
 - Level 10.0 Fighting
 - Level 9.3 Maces & Flails
 + Level 7.1 Armour
 + Level 4.6 Dodging
 - Level 2.1 Stealth
 + Level 9.0 Spellcasting
 - Level 7.0 Conjurations
 - Level 2.7 Transmutations
 - Level 4.8 Fire Magic
 - Level 4.0 Air Magic
 - Level 6.7 Earth Magic
 - Level 4.7 Poison Magic
 - Level 5.0 Evocations


You had 17 spell levels left.
You knew the following spells:

 Your Spells              Type           Power      Damage    Failure   Level
a - Sandblast             Erth           74%        2d16      1%          1
b - Stone Arrow           Conj/Erth      76%        3d11      1%          3
c - Sticky Flame          Conj/Fire      34%        2d5       2%          4
d - Mephitic Cloud        Conj/Pois/Air  31%        N/A       1%          3
e - Searing Ray           Conj           78%        2d7       1%          2

Your spell library contained the following spells:

 Spells                   Type           Power      Damage    Failure   Level
 Arcjolt                  Conj/Air       16%        1d26      7%          5
 Magic Dart               Conj           100%       1d8       1%          1
 Shock                    Conj/Air       100%       1d9       1%          1
 Sting                    Tmut/Pois      100%       1d8       1%          1
 Passwall                 Tmut/Erth      24%        N/A       1%          2
 Poisonous Vapours        Pois/Air       54%        N/A       1%          2
 Hailstorm                Conj/Ice       24%        3d7       1%          3
 Inner Flame              Hex/Fire       19%        N/A       2%          3
 Flame Wave               Conj/Fire      34%        2d10      2%          4
 Olgreb's Toxic Radiance  Pois           29%        N/A       3%          4
 Swiftness                Air            26%        N/A       4%          3
 Airstrike                Air            13%        2d(2-18)  4%          4
 Lee's Rapid Deconstruct  Erth           18%        3d11*     4%          5
 Necrotise                Necr           36%        1d5       9%          1
 Irradiate                Conj/Tmut      15%        3d16      9%          5
 Call Imp                 Summ           9%         N/A       13%         2
 Petrify                  Tmut/Erth      29%        N/A       13%         4
 Leda's Liquefaction      Hex/Erth       11%        N/A       22%         4
 Call Canine Familiar     Summ           9%         N/A       26%         3
 Portal Projectile        Hex/Tloc       18%        N/A       26%         3
 Vampiric Draining        Necr           9%         2d6       26%         3
 Ice Form                 Ice/Tmut       15%        N/A       45%         4
 Agony                    Necr           9%         N/A       94%         5
 Summon Forest            Summ/Tloc      4%         N/A       94%         5
 Summon Mana Viper        Hex/Summ       9%         N/A       94%         5
 Simulacrum               Ice/Necr       4%         N/A       100%        6
 Summon Cactus Giant      Summ           4%         N/A       100%        6
 Sublimation of Blood     Necr           Unusable   N/A       N/A         2
 Statue Form              Tmut/Erth      Unusable   N/A       N/A         6

Dungeon Overview and Level Annotations

Branches:
Dungeon (14/15)            Temple (1/1) D:6            Lair (1/5) D:10
    Orc (0/2) D:12        Gauntlet (visited)
 Vaults: D:13-14

Altars:
Ashenzari
Cheibriados
Dithmenos
Elyvilon
Fedhas
Gozag
Hepliaklqana
Kikubaaqudgha
Makhleb
Nemelex Xobeh
Okawaru
Qazlal
Ru
Sif Muna
Trog
Uskayaw
Vehumet
Wu Jian
Xom
Yredelemnul
Zin
The Shining One

Shops:
D:4 :   D:7 [   D:10 *   D:12 =


Innate Abilities, Weirdness & Mutations

You are immune to sickness and miasma.
Your stone body is resilient. (AC +9)
You are immune to poison.
You resist negative energy. (rN+)
You are resistant to electric shocks. (rElec)
You are resistant to unholy torment.
You are immune to petrification.


Message History

The minotaur hits you with the +10 great sword of Tuzagog {venom, Will+}.
The minotaur gores you.
You feel better. The minotaur barely misses you. The minotaur gores you.
You feel better.
You flicker for a moment.
The minotaur hits you with the +10 great sword of Tuzagog {venom, Will+}!!
* * * LOW HITPOINT WARNING * * *
The minotaur gores you but does no damage.
A red film seems to cover your vision as you go berserk!
You feel yourself moving faster!
You feel mighty!
The minotaur hits you with the +10 great sword of Tuzagog {venom, Will+}.
* * * LOW HITPOINT WARNING * * *
The minotaur gores you!
* * * LOW HITPOINT WARNING * * *
Found a chain mail.
Found a gate leading back out of this place.
You feel a strong urge to attack something.
You feel your anger nearly subside.
You are no longer berserk.
You are exhausted.
You feel yourself slow down.
You flicker back into view.
The minotaur throws a javelin.
The javelin completely misses you.
There is an open door here.
The minotaur throws a javelin.
The javelin completely misses you.
You close the door.
A minotaur opens the door.
There is a gate leading back out of this place here.
Items here: // : [[[ | }.
Okay, then.
The minotaur hits you with the +10 great sword of Tuzagog {venom, Will+}.
* * * LOW HITPOINT WARNING * * *
The minotaur gores you but does no damage.
Welcome back to the Lair of Beasts!
There is an empty arch of ancient stone here.
As you read the scroll of teleportation, it crumbles to dust.
You feel strangely unstable.
The minotaur hits you with the +10 great sword of Tuzagog {venom, Will+}!
* * * LOW HITPOINT WARNING * * *
The minotaur gores you but does no damage.
The minotaur hits you with the +10 great sword of Tuzagog {venom, Will+}!!
You die...

,,,,,,,,,,,,.....................
,,,,,,,,,,.......................
,,,,,,,,,,,......................
,,,,,,,,,,,$.........÷÷####......
,,,,,,,,,,,,..........#.8.###P#.>
,,,***,,,***##.......#.=†..####..
,,,,,*,,,*###..#.....#8.>.8..##..
,,,,,,,,,##.....#H...........#*,,
,,,,,*,,,#......@.....#...##.#*,,
,,,,,,,,,###.###......#.+##*,#*,,
*+,***,,,*,*,**##...##....,****,,
,,,,,,,,,,,,,,,....##,..8..,***,,
,,,,,,,,,,,,,,....##,......,,**,,
,,,,,,,,,,,,.....##,,8..8..8,,**,
,,,,,,,,,,,,.....*,,.........,,**
,,,,,,,,,,>,...##,,,,,,,8,,,,,,,*
,,,,,,,,,,,,,,,,,,,,,,,,,,,*,,,,,


You could see a minotaur.

Vanquished Creatures
  A hydra (D:13)
  A catoblepas (Gauntlet)
  A centaur warrior (D:14)
  2 death scarabs (Gauntlet)
  4 two-headed ogres
  3 boulder beetles (D:13)
  Sonja (D:11)
  2 skeletal warriors (D:13)
  A deep elf pyromancer (D:13)
  A cyclops (D:14)
  2 ugly things (D:12)
  4 manticores
  The ghost of LetschGu the Trooper, a novice OgMo of Kikubaaqudgha (D:6)
  A gargoyle (Gauntlet)
  A cane toad (Lair:1)
  4 kobold demonologists
  A freezing wraith (D:13)
  An unseen horror (D:12)
  An ice devil (Gauntlet)
  A komodo dragon (D:11)
  3 meliai (D:13)
  6 trolls
  A hornet (D:9)
  Sigmund (D:3)
  6 slime creatures (D:13)
  2 spectral black mambas (Gauntlet)
  A shadow (D:11)
  A spriggan (D:13)
  A wyvern (D:9)
  3 vampires
  27 yaks
  A wraith (D:11)
  A spectral fire crab (Gauntlet)
  2 steam dragons
  Edmund (D:3)
  An acid dragon (D:13)
  2 water moccasins
  7 orc warriors
  A sky beast (D:7)
  An ice beast (D:8)
  An ogre (D:6)
  3 black bears
  8 centaurs
  4 kobold brigands
  A bullfrog (D:8)
  3 necrophages
  Blork the orc (D:4)
  A gnoll sergeant (D:11)
  3 scorpions (D:5)
  20 killer bees
  3 electric eels (D:10)
  4 howler monkeys
  A crimson imp (D:13)
  4 hounds
  3 jellies
  10 orc priests
  4 iguanas
  8 orc wizards
  Robin (D:3)
  17 gnolls
  7 adders
  A shadow imp (D:7)
  5 white imps
  An ufetubus (D:6)
  4 worms
  3 dart slugs
  46 orcs
  7 bats
  5 endoplasms
  A giant cockroach (D:1)
  17 goblins
  9 hobgoblins
  3 jackals (D:2)
  A quokka (D:3)
  7 ball pythons
  3 frilled lizards
  18 kobolds
  2 rats (D:1)
  A spectral orc (D:8)
344 creatures vanquished.

Vanquished Creatures (collateral kills)
  A dart slug (D:1)
1 creature vanquished.

Vanquished Creatures (others)
  A jackal (D:2)
  A fungus (Lair:1)
  6 plants (D:10)
8 creatures vanquished.

Grand Total: 353 creatures vanquished

Notes
Turn   | Place    | Note
-------+----------+-------------------------------------------
     0 | D:1      | Ijustatesigmund the Gargoyle Earth Elementalist began the
                  | quest for the Orb.
     0 | D:1      | Reached XP level 1. HP: 10/10 MP: 3/3
   235 | D:1      | Reached skill level 1 in Fighting
   235 | D:1      | Reached XP level 2. HP: 16/16 MP: 3/5
   562 | D:1      | Reached skill level 2 in Fighting
   562 | D:1      | Reached XP level 3. HP: 21/21 MP: 3/6
  1848 | D:2      | Reached XP level 4. HP: 27/27 MP: 5/7
  1852 | D:2      | Learned a level 3 spell: Stone Arrow
  2172 | D:3      | Noticed Sigmund
  2174 | D:3      | Noticed Robin
  2252 | D:3      | Killed Sigmund
  2253 | D:3      | Reached XP level 5. HP: 30/31 MP: 2/8
  2253 | D:3      | Reached XP level 6. HP: 35/36 MP: 2/9
  2314 | D:3      | Killed Robin
  2607 | D:2      | Reached skill level 5 in Conjurations
  2715 | D:3      | Found a shimmering altar of Xom.
  3299 | D:3      | Noticed an angel
  3302 | D:3      | Found a glowing silver altar of Zin.
  4206 | D:4      | Noticed Edmund
  4247 | D:4      | Reached XP level 7. HP: 32/40 MP: 4/11
  4247 | D:4      | Noticed Blork the orc
  4256 | D:3      | Reached skill level 1 in Maces & Flails
  4341 | D:3      | Killed Edmund
  4342 | D:3      | Reached skill level 5 in Earth Magic
  4441 | D:4      | Killed Blork the orc
  4725 | D:4      | Found Wirecrash's Tremendous Tomes.
  5429 | D:5      | Entered Level 5 of the Dungeon
  5429 | D:5      | Noticed a steam dragon
  5432 | D:5      | Killed a steam dragon
  5433 | D:5      | Reached skill level 3 in Fighting
  5433 | D:5      | Reached XP level 8. HP: 46/46 MP: 2/12
  5761 | D:5      | Reached skill level 4 in Fighting
  6750 | D:5      | Reached skill level 5 in Fighting
  7069 | D:5      | Reached skill level 5 in Maces & Flails
  7156 | D:5      | You are sucked into a shaft and drop 2 floors!
  7438 | D:6      | Found a staircase to the Ecumenical Temple.
  7451 | Temple   | Entered the Ecumenical Temple
  7596 | Temple   | Became a worshipper of Vehumet
  7717 | D:6      | Reached skill level 1 in Transmutations
  7774 | D:6      | Reached XP level 9. HP: 55/55 MP: 6/14
  7776 | D:6      | Reached skill level 6 in Fighting
  8081 | D:6      | Found a runed translucent gate.
  8081 | D:6      | Found a runed translucent gate.
  8081 | D:6      | Found a runed translucent gate.
  8084 | D:6      | Noticed LetschGu's ghost (novice OgMo)
  8085 | D:6      | Identified the +8 chain mail of the Land of Plenty {rC-
                  | Dex+4}
  8153 | D:6      | Identified the +0 chain mail of Heresy {Rampage +Blink
                  | Regen+ Stlth-}
  8799 | D:6      | Found a bloodstained altar of Trog.
 10055 | D:7      | Found Rutuaddi's Antique Armour Boutique.
 10156 | D:7      | Found an ornate altar of the Wu Jian Council.
 10449 | D:8      | Found Zany's Antique Weapon Boutique.
 10760 | D:8      | Learned a level 4 spell: Sticky Flame
 10764 | D:8      | Learned a level 3 spell: Mephitic Cloud
 10870 | D:8      | Reached * piety under Vehumet
 10870 | D:8      | Offered knowledge of Shock by Vehumet.
 10875 | D:8      | Reached XP level 10. HP: 27/61 MP: 15/16
 10880 | D:8      | Reached skill level 7 in Fighting
 10880 | D:8      | Reached skill level 1 in Fire Magic
 11220 | D:8      | Found a basalt altar of Yredelemnul.
 11409 | D:9      | Reached skill level 1 in Poison Magic
 11414 | D:9      | Reached skill level 1 in Air Magic
 12002 | D:9      | Reached skill level 1 in Armour
 13051 | D:10     | Entered Level 10 of the Dungeon
 13127 | D:10     | Found a staircase to the Lair.
 13165 | D:10     | Offered knowledge of Searing Ray by Vehumet.
 13166 | D:10     | Reached ** piety under Vehumet
 13192 | D:11     | Noticed Sonja
 13481 | D:10     | Learned a level 2 spell: Searing Ray
 13519 | D:10     | Reached XP level 11. HP: 65/67 MP: 3/18
 13871 | D:10     | Noticed a two-headed ogre
 13889 | D:10     | Killed a two-headed ogre
 13890 | D:10     | Reached skill level 5 in Spellcasting
 14012 | D:10     | Noticed a two-headed ogre
 14019 | D:10     | Killed a two-headed ogre
 14239 | D:10     | Found Guply's Assorted Antiques.
 14248 | D:10     | Bought an ivory wand for 128 gold pieces
 14315 | D:11     | Killed Sonja
 14394 | D:11     | Noticed a manticore
 14402 | D:11     | Killed a manticore
 14539 | D:11     | Offered knowledge of Scorch by Vehumet.
 14614 | D:11     | Reached skill level 1 in Evocations
 14657 | D:11     | Reached skill level 8 in Fighting
 14993 | D:11     | Noticed a two-headed ogre
 14997 | D:11     | Killed a two-headed ogre
 15442 | D:12     | Found a staircase to the Orcish Mines.
 15458 | D:12     | Noticed a sixfirhy
 15649 | D:12     | Noticed a sixfirhy
 16065 | D:12     | Noticed a soul eater
 16304 | D:12     | Reached *** piety under Vehumet
 16312 | D:12     | Reached XP level 12. HP: 75/75 MP: 19/21
 16771 | D:12     | Noticed a two-headed ogre
 16783 | D:12     | Killed a two-headed ogre
 16784 | D:12     | Reached skill level 9 in Fighting
 17438 | D:12     | Found a shadowy altar of Dithmenos.
 17777 | D:12     | Found Aruu's Jewellery Shop.
 18130 | D:6      | Killed LetschGu's ghost
 18133 | D:6      | Offered knowledge of Frozen Ramparts by Vehumet.
 18474 | D:13     | Noticed a six-headed hydra
 18480 | D:13     | Killed a six-headed hydra
 19167 | D:13     | Noticed a boulder beetle
 19189 | D:13     | Killed a boulder beetle
 19675 | D:13     | Noticed a boulder beetle
 19682 | D:13     | Killed a boulder beetle
 19682 | D:13     | Reached **** piety under Vehumet
 19683 | D:13     | Reached skill level 10 in Fighting
 19683 | D:13     | Reached skill level 5 in Evocations
 20080 | D:14     | Noticed a boulder beetle
 20082 | D:14     | Noticed a centaur warrior
 20431 | D:13     | Offered knowledge of Arcjolt by Vehumet.
 20432 | D:13     | Reached skill level 5 in Armour
 20443 | D:13     | Killed a boulder beetle
 20444 | D:13     | Reached XP level 13. HP: 72/82 MP: 10/25
 21229 | Lair:1   | Entered Level 1 of the Lair of Beasts
 21248 | Lair:1   | Found a gate leading to a gauntlet.
 21349 | Gauntlet | Entered a Gauntlet
 21349 | Gauntlet | Found a transporter.
 21349 | Gauntlet | Found a transporter.
 21356 | Gauntlet | Found a transporter.
 21360 | Gauntlet | Found a transporter.
 21360 | Gauntlet | Found a transporter.
 21362 | Gauntlet | Found a transporter.
 21407 | Gauntlet | Found a transporter.
 21624 | Gauntlet | Found a transporter.
 21624 | Gauntlet | Found a transporter.
 21641 | Gauntlet | Found a transporter.
 21651 | Gauntlet | Noticed an ice dragon
 21683 | Gauntlet | Found a transporter.
 21697 | Gauntlet | Found a transporter.
 21700 | Gauntlet | Found a transporter.
 21700 | Gauntlet | Identified the ring of the Real Monster {Drain rElec rC+
                  | SInv}
 21780 | Gauntlet | Noticed a purple draconian
 21783 | Gauntlet | Found a transporter.
 21783 | Gauntlet | a purple draconian changed into a minotaur
 21783 | Gauntlet | Noticed a minotaur (glowing shapeshifter)
 21789 | Gauntlet | Noticed a ghost moth
 21801 | Gauntlet | Identified the +10 great sword of Tuzagog {venom, Will+}
 21801 | Gauntlet | Noticed a minotaur
 21809 | Gauntlet | Noticed a fire dragon
 21823 | Gauntlet | Identified the +1 robe of Instinct {rF- Regen+ Int+7 Dex+3}
 21826 | Lair:1   | Annihilated by a minotaur

Illustrated notes

Levels and vault maps discovered:
D:1:      erik_arrival_blinker_ship, layout_basic, chequers_serial_rivers_marsh
D:2:      layout_loops_cross, kennysheep_small_spiral, lemuel_flame_loot_1
D:3:      layout_rooms, grunt_temple_overflow_order_and_chaos_1,
          minmay_starry_boxes, uniq_robin, uniq_sigmund
D:4:      layout_loops_ring, grunt_ministairs_2, nicolae_shop_i_like_big_books,
          uniq_blork_the_orc, uniq_edmund
D:5:      layout_basic
D:6:      layout_basic, lemuel_coloured_pillars_altar, minmay_temple_entry_mist,
          biasface_ghost_orc_armoury
D:7:      layout_basic, nicolae_wu_jian_glorious_leap, serial_shops,
          nicolae_lakefront_shop
D:8:      layout_loops_ring, yredelemnul_forgotten_temple_becter, serial_shops,
          nicolae_shop_statue_plus, minmay_misc_feat_square
D:9:      layout_grid_maze
D:10:     layout_loops_ring, dpeg_oklobed_lair, serial_shops,
          nicolae_square_shop, minivault_14
D:11:     layout_basic, solitary_fountain, uniq_sonja
D:12:     layout_stronghold, minmay_orc_entry_temple_small, serial_shops, shop,
          serial_rivers, chequers_serial_rivers_micro_c,
          chequers_serial_rivers_small_b, chequers_serial_rivers_micro_b,
          chequers_serial_rivers_micro_c, chequers_serial_rivers_small_b,
          nicolae_dithmenos_the_darkroom
D:13:     layout_loops_cross, hangedman_stone_soup
D:14:     layout_big_octagon
Temple:   nicolae_temple_bog_church
Lair:1:   dreamdust_isle_of_ice, layout_regular_city, gauntlet_entry_generic,
          basic_altar, minmay_holes, grunt_megastairs_3

Skill      XL: |  1  2  3  4  5  6  7  8  9 10 11 12 13 |
---------------+----------------------------------------+-----
Fighting       | 1 2 3 5 6 7 8 10 | 10.0
Earth Magic    | 4 5 6 |  6.7
Conjurations   | 4 5 6 7 |  7.0
Maces & Flails | 3 5 6 8 9 |  9.3
Spellcasting   | 3 4 6 8 9 |  9.0
Transmutations | 1 2 |  2.7
Fire Magic     | 4 |  4.8
Poison Magic   | 4 |  4.7
Air Magic      | 3 4 |  4.0
Armour         | 4 5 7 |  7.1
Evocations     | 3 5 |  5.0
Dodging        | 3 4 |  4.6
Stealth        | |  2.1

Action                     |  1- 3 |  4- 6 |  7- 9 | 10-12 | 13-15 || total
---------------------------+-------+-------+-------+-------+-------++-------
  Melee: Unarmed           |     3 |       |       |       |       ||     3
         Spear             |     7 |    81 |       |       |       ||    88
         Punch             |       |     3 |     2 |     5 |     2 ||    12
         Flail             |       |       |   174 |   237 |    92 ||   503
  Throw: Dart              |       |       |       |    19 |     2 ||    21
   Cast: Sandblast         |    41 |    53 |    24 |     3 |     3 ||   124
         Stone Arrow       |       |    16 |    69 |   182 |    51 ||   318
         Mephitic Cloud    |       |       |       |    34 |     7 ||    41
         Searing Ray       |       |       |       |    16 |     3 ||    19
  Evoke: Wand              |       |       |       |     9 |     6 ||    15
    Use: Scroll            |     4 |     5 |     8 |    12 |     5 ||    34
         Potion            |       |     1 |     3 |     2 |    10 ||    16
   Stab: Sleeping          |       |     1 |     2 |       |       ||     3
         Confused          |       |       |       |    10 |     1 ||    11
         Invisible         |       |       |       |       |     1 ||     1
 Armour: Robe              |     7 |    62 |    11 |       |       ||    80
         Steam dragon scal |       |       |   124 |     8 |       ||   132
         Troll leather arm |       |       |       |   249 |    84 ||   333
  Dodge: Dodged            |    12 |    84 |   145 |   276 |   101 ||   618

Table legend: (Time is in decaauts)
 A = Elapsed time spent in this place.
 B = Non-inter-level travel time spent in this place.
 C = Inter-level travel time spent in this place.
 D = Time resting spent in this place.
 E = Time spent auto-exploring this place.
 F = Levels seen in this place.
 G = Mean time per level.
                   A        B        C        D        E       F      G
               +--------+--------+--------+--------+--------+-----+--------+
         Total |  21951 |  20703 |   1248 |   7550 |  10206 |  17 | 1291.2 |
       Dungeon |  21204 |  19977 |   1227 |   7392 |  10084 |  14 | 1514.6 |
        Temple |    155 |    134 |     21 |      0 |    122 |   1 |  155.0 |
          Lair |    117 |    117 |      0 |     25 |      0 |   1 |  117.0 |
      Gauntlet |    474 |    474 |      0 |    133 |      0 |   1 |  474.0 |
               +--------+--------+--------+--------+--------+-----+--------+

Top non-repeatable levels by time:
    D:13: 2442 daAuts
    D:12: 2102 daAuts
     D:2: 1903 daAuts
     D:6: 1886 daAuts
     D:9: 1855 daAuts
    D:11: 1784 daAuts
     D:5: 1658 daAuts
     D:3: 1604 daAuts
    D:10: 1374 daAuts
     D:4: 1228 daAuts
     D:7: 1163 daAuts
     D:1: 1071 daAuts
     D:8: 999 daAuts
Gauntlet: 474 daAuts
  Temple: 155 daAuts
